[Event "ICC 45 30 u"]
[Site "Internet Chess Club"]
[Date "2014.03.08"]
[Round "1"]
[White "bronxbattler"]
[Black "phig"]
[Result "1-0"]
[ICCResult "Black resigns"]
[WhiteElo "2200"]
[BlackElo "1164"]
[Opening "QGD: Ragozin variation"]
[ECO "D38"]
[NIC "NI.27"]
[Time "14:00:34"]
[TimeControl "2700+30"]

1. d4 Nf6 2. c4 e6 3. Nf3 d5 4. Nc3 Bb4 5. cxd5 Nxd5 6. Bd2 O-O 7. e4 Nxc3
8. bxc3 Be7 9. Bd3 c5 10. e5 h6 11. Qe2 f5 12. exf6 Rxf6 13. Qe4 Rf5 14. Ne5
Qe8 15. g4 Rxe5 16. dxe5 g6 17. Qxg6+ Qxg6 18. Bxg6 Bg5 19. f4 Bh4+ 20. Ke2
Nc6 21. Be4 Bd7 22. Be3 b6 23. Rad1 {Black resigns} 1-0

[Event "ICC 45 30 u"]
[Site "Internet Chess Club"]
[Date "2014.03.08"]
[Round "1"]
[White "bronxbattler"]
[Black "Snerk"]
[Result "1-0"]
[ICCResult "Black resigns"]
[WhiteElo "2200"]
[BlackElo "1400"]
[Opening "QGD Slav: 3.Nf3"]
[ECO "D11"]
[NIC "SL.01"]
[Time "14:00:34"]
[TimeControl "2700+30"]

1. d4 d5 2. c4 c6 3. Nf3 Nf6 4. Qc2 dxc4 5. Qxc4 Bf5 6. g3 e6 7. Bg2 Be7 8.
O-O O-O 9. Nc3 Nbd7 10. Re1 Ne4 11. Qb3 Qb6 12. Nh4 Qxb3 13. axb3 Nxc3 14.
bxc3 Bxh4 15. gxh4 e5 16. e4 Bg6 17. Be3 exd4 18. cxd4 a6 19. Rad1 f5 20. e5
Bh5 21. Rc1 Kf7 22. e6+ Kxe6 23. Bg5+ {Black resigns} 1-0

[Event "ICC 45 30 u"]
[Site "Internet Chess Club"]
[Date "2014.03.08"]
[Round "1"]
[White "bronxbattler"]
[Black "JoHo"]
[Result "1-0"]
[ICCResult "Black resigns"]
[WhiteElo "2200"]
[BlackElo "1400"]
[Opening "Queen's Indian: Petrosian system"]
[ECO "E12"]
[NIC "QI.04"]
[Time "14:00:34"]
[TimeControl "2700+30"]

1. d4 Nf6 2. c4 e6 3. Nf3 b6 4. a3 Ba6 5. Qc2 c5 6. d5 exd5 7. cxd5 d6 8.
Nc3 g6 9. g3 Bg7 10. Bg2 Bb7 11. e4 Nbd7 12. h3 Qe7 13. O-O Rc8 14. Re1 O-O
15. Bf4 Nh5 16. Bg5 Nhf6 17. Rad1 h6 18. Bf4 Nh5 19. Bd2 c4 20. g4 Nhf6 21.
Bf4 Nc5 22. e5 Nxd5 23. Nxd5 Bxd5 24. Rxd5 Nd3 25. Rxd3 cxd3 26. Qxd3 dxe5
27. Nxe5 Rfd8 28. Qb1 Qf6 29. Bg3 Rd2 30. Rd1 Rxd1+ 31. Qxd1 Rd8 32. Qc2 Qd6
33. Qe4 Re8 34. f4 Qc5+ 35. Kh2 Bxe5 36. fxe5 Rd8 37. e6 fxe6 38. Qxg6+ Kf8
39. Qxh6+ Ke7 {Black resigns} 1-0

[Event "ICC 45 30 u"]
[Site "Internet Chess Club"]
[Date "2014.03.08"]
[Round "1"]
[White "bronxbattler"]
[Black "xionoula"]
[Result "1-0"]
[ICCResult "Black checkmated"]
[WhiteElo "2200"]
[BlackElo "1400"]
[Opening "French: Tarrasch, Botvinnik variation"]
[ECO "C05"]
[NIC "FR.17"]
[Time "14:00:34"]
[TimeControl "2700+30"]

1. e4 e6 2. d4 d5 3. Nd2 Nf6 4. e5 Nfd7 5. c3 c5 6. Bd3 b6 7. Ne2 Ba6 8. Bb1
Nc6 9. Nf3 cxd4 10. cxd4 Bb4+ 11. Bd2 Bxd2+ 12. Qxd2 Qe7 13. O-O Qb4 14. Rd1
Rc8 15. Nc3 Na5 16. a3 Qe7 17. Bc2 Nc4 18. Qc1 O-O 19. Bd3 Nb8 20. Qb1 h6
21. Ne2 Na5 22. Nf4 Qc7 23. h4 Nb3 24. Bxa6 Nxa6 25. Qd3 Nxa1 26. Rxa1 Nb8
27. Ne1 Nc6 28. Rc1 Qd7 29. Rd1 Na5 30. Nh5 Kh8 31. Qe3 Qa4 32. Rd3 Nc4 33.
Qg3 Rg8 34. Qf4 Nxb2 35. Rg3 Rc7 36. Rxg7 Rxg7 37. Qxh6+ Rh7 38. Qf8#
{Black checkmated}
1-0

[Event "ICC 45 30 u"]
[Site "Internet Chess Club"]
[Date "2014.03.08"]
[Round "1"]
[White "bronxbattler"]
[Black "drsigmund1"]
[Result "1/2-1/2"]
[ICCResult "Game drawn by mutual agreement"]
[WhiteElo "2200"]
[BlackElo "1548"]
[Opening "Queen's pawn: Keres defense"]
[ECO "A40"]
[NIC "QO.17"]
[Time "14:00:34"]
[TimeControl "2700+30"]

1. d4 e6 2. c4 b6 3. Nf3 Bb7 4. a3 f5 5. Nc3 Nf6 6. d5 Be7 7. g3 O-O 8. Bg2
Na6 9. O-O Nc5 10. Nd4 Nfe4 11. Qc2 Nxc3 12. Qxc3 Ne4 13. Qc2 exd5 14. cxd5
Bxd5 15. Nxf5 Rxf5 16. Bxe4 Bxe4 17. Qxe4 Qf8 18. Be3 d5 19. Qe6+ Kh8 20.
Qc6 Bd6 21. Rad1 Qe8 22. Qxe8+ Rxe8 23. b4 c5 24. bxc5 bxc5 25. Rfe1 a5 26.
a4 c4 27. Rb1 Bb4 28. Red1 c3 29. Rdc1 Rc8 30. Rc2 Rc4 31. Rd1 Kg8 32. Rd3
Kf7 33. Rd4 Rxd4 34. Bxd4 g6 35. Bxc3 Bc5 36. e3 Bb6 37. Rb2 Bd8 38. Bd4 Ke8
39. Rb5 Rf7 40. Rxd5 Rb7 41. Bc3 Rb1+ 42. Kg2 Rb3 43. Bxa5 Bxa5 44. Rxa5
{Game drawn by mutual agreement}
1/2-1/2

[Event "ICC 45 30 u"]
[Site "Internet Chess Club"]
[Date "2014.03.08"]
[Round "1"]
[White "bronxbattler"]
[Black "zena"]
[Result "1-0"]
[ICCResult "Black resigns"]
[WhiteElo "2200"]
[BlackElo "1576"]
[Opening "QGD: Ragozin variation"]
[ECO "D38"]
[NIC "NI.27"]
[Time "14:00:34"]
[TimeControl "2700+30"]

1. d4 Nf6 2. c4 e6 3. Nf3 d5 4. Nc3 Bb4 5. cxd5 exd5 6. Bg5 Bxc3+ 7. bxc3
Qd6 8. Nd2 Ne4 9. Nxe4 dxe4 10. e3 Bf5 11. Bf4 Qe7 12. Be2 O-O 13. O-O c6
14. a4 a6 15. a5 Nd7 16. Rb1 Nf6 17. c4 h6 18. Rb6 Rae8 19. Qb3 Bc8 20. Rb1
Kh7 21. h3 Ng8 22. c5 g5 23. Bd6 Qd7 24. Bxf8 Rxf8 25. Rxb7 Bxb7 26. Qxb7
{Black resigns}
1-0

[Event "ICC 45 30 u"]
[Site "Internet Chess Club"]
[Date "2014.03.08"]
[Round "1"]
[White "bronxbattler"]
[Black "Mr-Jerkyll"]
[Result "1-0"]
[ICCResult "Black resigns"]
[WhiteElo "2200"]
[BlackElo "1604"]
[Opening "Petrov: modern (Steinitz) attack"]
[ECO "C43"]
[NIC "RG.01"]
[Time "14:00:34"]
[TimeControl "2700+30"]

1. e4 e5 2. Nf3 Nf6 3. d4 d5 4. Nxe5 Nxe4 5. Bd3 Bd6 6. O-O O-O 7. c4 c6 8.
cxd5 cxd5 9. Nc3 Nxc3 10. bxc3 Nd7 11. Re1 Qf6 12. Nxd7 Bxd7 13. Qh5 g6 14.
Qxd5 Bc6 15. Qg5 Qxg5 16. Bxg5 b5 17. Be7 Bxe7 18. Rxe7 Rfe8 19. Rae1 Kf8
20. Rxe8+ Rxe8 21. Rxe8+ Kxe8 22. f3 Kd7 23. Kf2 Kd6 24. Ke3 f5 25. h4 a5
26. a3 Kd5 27. g4 fxg4 28. Be4+ Kd6 29. Bxc6 Kxc6 30. fxg4 Kd5 31. Kd3 a4
32. g5 Kd6 33. c4 b4 34. axb4 {Black resigns} 1-0

[Event "ICC 45 30 u"]
[Site "Internet Chess Club"]
[Date "2014.03.08"]
[Round "1"]
[White "bronxbattler"]
[Black "marcos610"]
[Result "1-0"]
[ICCResult "Black resigns"]
[WhiteElo "2200"]
[BlackElo "1654"]
[Opening "Sicilian: Hungarian variation"]
[ECO "B27"]
[NIC "SI.43"]
[Time "14:00:34"]
[TimeControl "2700+30"]

1. e4 c5 2. Nf3 g6 3. d4 Bg7 4. d5 d6 5. c4 Nf6 6. Nc3 O-O 7. h3 Re8 8. Bd3
h6 9. O-O e6 10. Re1 exd5 11. cxd5 a6 12. a4 Nbd7 13. Bf4 Qb6 14. Qc2 Nh5
15. Be3 Ne5 16. Be2 Nxf3+ 17. Bxf3 Nf6 18. a5 Qc7 19. Qd2 Kh7 20. Bf4 Nd7
21. Na4 b5 22. axb6 Qb8 23. Qa5 Be5 24. Bd2 Bf6 25. Rab1 Bd8 26. b4 Ne5 27.
Be2 Bd7 28. bxc5 Bxa4 29. Qxa4 Re7 30. c6 {Black resigns} 1-0

[Event "ICC 45 30 u"]
[Site "Internet Chess Club"]
[Date "2014.03.08"]
[Round "1"]
[White "bronxbattler"]
[Black "Shafkat"]
[Result "1-0"]
[ICCResult "Black resigns"]
[WhiteElo "2200"]
[BlackElo "1666"]
[Opening "QGD semi-Slav: 5.e3"]
[ECO "D45"]
[NIC "SL.08"]
[Time "14:00:34"]
[TimeControl "2700+30"]

1. Nf3 Nf6 2. c4 e6 3. d4 d5 4. Nc3 c6 5. e3 dxc4 6. Bxc4 b5 7. Bd3 Nbd7 8.
O-O Bb7 9. a4 a6 10. e4 b4 11. Ne2 c5 12. e5 Bxf3 13. gxf3 Nd5 14. f4 Be7
15. Kh1 f5 16. exf6 N7xf6 17. f5 Qd6 18. dxc5 Qc6 19. Nd4 Qb7 20. c6 Qc7 21.
Qf3 e5 22. Ne6 Qxc6 23. Bg5 Qd6 24. Rad1 Kf7 25. Bc4 e4 26. Qh3 Qc6 27. b3
e3 28. Qf3 e2 29. Bxe2 Rac8 30. Bc4 h6 31. Bxf6 gxf6 32. Bxd5 {Black
resigns} 1-0

[Event "ICC 45 30 u"]
[Site "Internet Chess Club"]
[Date "2014.03.08"]
[Round "1"]
[White "bronxbattler"]
[Black "joesixpack"]
[Result "1-0"]
[ICCResult "Black resigns"]
[WhiteElo "2200"]
[BlackElo "1688"]
[Opening "King's Indian: 5.Nf3"]
[ECO "E90"]
[NIC "KI.22"]
[Time "14:00:34"]
[TimeControl "2700+30"]

1. Nf3 Nf6 2. c4 g6 3. Nc3 Bg7 4. e4 d6 5. d4 c6 6. Be2 Qc7 7. O-O e5 8. d5
O-O 9. Be3 Ng4 10. Bd2 f5 11. Ne1 Nf6 12. f3 f4 13. b4 Nbd7 14. Qb3 a5 15.
a3 cxd5 16. cxd5 Qb6+ 17. Kh1 Nc5 18. Na4 Nxb3 19. Nxb6 Nxd2 20. Nxa8 Nxf1
21. Bxf1 axb4 22. axb4 Bd7 23. Nb6 Rb8 24. Nc2 g5 25. Na3 h5 26. Nac4 Bf8
27. Na5 g4 28. Rc1 Be7 29. Rc7 Bd8 30. Nxd7 Nxd7 31. Rxd7 Bxa5 32. bxa5 Ra8
33. Rxd6 Rxa5 34. Rb6 gxf3 35. gxf3 Ra3 36. Kg2 Ra2+ 37. Kg1 Ra3 38. Kf2
Ra2+ 39. Be2 Ra1 40. Rxb7 Rh1 41. Kg2 Re1 42. Bc4 Rc1 43. d6+ Rxc4 44. Rb8+
Kf7 45. d7 {Black resigns} 1-0

[Event "ICC 45 30 u"]
[Site "Internet Chess Club"]
[Date "2014.03.08"]
[Round "1"]
[White "bronxbattler"]
[Black "RobbieWilliams"]
[Result "1-0"]
[ICCResult "Black resigns"]
[WhiteElo "2200"]
[BlackElo "1790"]
[Opening "English: four knights, Capablanca variation"]
[ECO "A28"]
[NIC "EO.07"]
[Time "14:00:34"]
[TimeControl "2700+30"]

1. c4 Nf6 2. Nc3 e5 3. Nf3 Nc6 4. d3 d5 5. cxd5 Nxd5 6. e3 Nb6 7. Be2 Be7 8.
O-O O-O 9. a3 a6 10. Qc2 f5 11. b4 Be6 12. Bb2 Bf6 13. Rfe1 Kh8 14. Rac1 Qd7
15. Nd2 Rad8 16. Nb3 Bxb3 17. Qxb3 Ne7 18. Red1 Nbd5 19. Nxd5 Nxd5 20. a4 c6
21. Ba3 Rfe8 22. Rc5 Qe6 23. Bf1 Nf4 24. Qxe6 Nxe6 25. Rc4 Rd5 26. Rb1 Nc7
27. e4 fxe4 28. Rxe4 Ne6 29. Bb2 Ng5 30. Re3 a5 31. bxa5 Rxa5 32. Bc3 Rxa4
33. Rxb7 h6 34. Re1 Ra3 35. Bb2 Ra2 36. f4 Ne6 37. fxe5 Bg5 38. d4 Bd2 39.
Re2 Bg5 40. Re1 Rd8 41. Bc4 Rxb2 42. Rxb2 Nxd4 43. e6 Re8 44. Rb7 Be7 45.
Rf1 Bc5 46. Kh1 Be7 47. Rfb1 Bd6 48. Rd7 Be5 49. e7 Kh7 50. Bd3+ g6 51. Rbb7
Bf6 52. Rd8 {Black resigns} 1-0

[Event "ICC 45 30 u"]
[Site "Internet Chess Club"]
[Date "2014.03.08"]
[Round "1"]
[White "bronxbattler"]
[Black "Eminence"]
[Result "1/2-1/2"]
[ICCResult "Game drawn by mutual agreement"]
[WhiteElo "2200"]
[BlackElo "1820"]
[Opening "QGD Slav: 3.Nf3"]
[ECO "D11"]
[NIC "QP.09"]
[Time "14:00:34"]
[TimeControl "2700+30"]

1. Nf3 d5 2. c4 c6 3. d4 Nf6 4. Qc2 Bg4 5. Ne5 h5 6. cxd5 cxd5 7. Bf4 Bd7 8.
e3 Nc6 9. Nc3 h4 10. Be2 h3 11. g3 e6 12. O-O Rc8 13. Nxc6 Bxc6 14. Rac1 a6
15. a3 Nd7 16. g4 Be7 17. Bf3 g5 18. Bg3 Nb6 19. Qe2 Bd6 20. Rfd1 Bxg3 21.
fxg3 O-O 22. Qf1 Nc4 23. Qe2 Qb6 24. Rc2 Bb5 25. Nxb5 Qxb5 26. Rdc1 Qd7 27.
Rc3 b5 28. b3 Nd6 29. Rc5 Nb7 30. R5c2 Rxc2 31. Rxc2 Rc8 32. Kf2 Rxc2 33.
Qxc2 Nd6 34. Qc5 Kg7 35. Ke2 a5 36. Kd3 a4 37. Qb4 axb3 38. Qxb3 Nc4 39. Qb4
Qa7 40. Be2 Qxa3+ 41. Qxa3 Nxa3 42. Bf1 Nc4 43. Bxh3 b4 44. Bf1 f6 45. Be2
Na5 46. h4 e5 47. dxe5 fxe5 48. Bd1 Kf6 49. Ba4 Ke6 50. Bb5 e4+ 51. Ke2 b3
52. Kd2 Nc4+ 53. Bxc4 dxc4 54. h5 b2 55. Kc2 c3 56. Kb1 Kf6 57. Kc2
{Game drawn by mutual agreement}
1/2-1/2

[Event "ICC 45 30 u"]
[Site "Internet Chess Club"]
[Date "2014.03.08"]
[Round "1"]
[White "bronxbattler"]
[Black "VolcanoExplorer"]
[Result "0-1"]
[ICCResult "White resigns"]
[WhiteElo "2200"]
[BlackElo "1830"]
[Opening "Blumenfeld counter-gambit, Dus-Chotimursky variation"]
[ECO "E10"]
[NIC "QI.01"]
[Time "14:00:34"]
[TimeControl "2700+30"]

1. d4 Nf6 2. c4 e6 3. Nf3 c5 4. d5 b5 5. Bg5 exd5 6. cxd5 d6 7. a4 b4 8. e4
Be7 9. Bxf6 Bxf6 10. Qc2 Nd7 11. Nbd2 O-O 12. Bd3 b3 13. Nxb3 Rb8 14. O-O
Qb6 15. Ra3 a5 16. Bb5 Ne5 17. Nxe5 Bxe5 18. Nd2 Bd4 19. Nc4 Qd8 20. Qd2 Ra8
21. Qf4 f5 22. exf5 Bxf5 23. Qxd6 Qh4 24. Qg3 Qh6 25. d6 Rf6 26. d7 Bxd7 27.
Bxd7 Bxf2+ 28. Qxf2 Rxf2 29. Rxf2 Qc1+ 30. Rf1 Qxc4 31. Bb5 Qd4+ 32. Kh1 Rf8
33. Raa1 Rxf1+ 34. Rxf1 g6 35. b3 Kg7 36. Bc4 h5 37. h3 g5 38. Kh2 Qe5+ 39.
Kh1 g4 {White resigns} 0-1

[Event "ICC 45 30 u"]
[Site "Internet Chess Club"]
[Date "2014.03.08"]
[Round "1"]
[White "bronxbattler"]
[Black "numbercrunch"]
[Result "1/2-1/2"]
[ICCResult "Game drawn by mutual agreement"]
[WhiteElo "2200"]
[BlackElo "1902"]
[Opening "Ruy Lopez: classical (Cordel) defense"]
[ECO "C64"]
[NIC "RL.01"]
[Time "14:00:34"]
[TimeControl "2700+30"]

1. e4 e5 2. Nf3 Nc6 3. Bb5 Bc5 4. O-O Qf6 5. Nc3 Nge7 6. Nd5 Nxd5 7. exd5
Nd4 8. Nxd4 Bxd4 9. c3 Bb6 10. d3 O-O 11. Bc4 d6 12. a4 a5 13. Be3 Bxe3 14.
fxe3 Qg5 15. Qe2 Bg4 16. Qf2 f5 17. d4 f4 18. exf4 exf4 19. Rfe1 Rae8 20.
Rxe8 Rxe8 21. Re1 Re3 22. Rf1 f3 23. g3 h5 24. Re1 Rxe1+ 25. Qxe1 Kf7 26. h4
Qf5 27. Qf2 g5 28. hxg5 Qxg5 29. Kh2 Qf5 30. Bf1 Qxd5 31. Bd3 Qe6 32. Qd2
Qf6 33. Bc4+ Kg7 34. Qe3 b6 35. Qf2 Bd7 36. b3 Qf5 37. Kg1 Bc6 38. Kh2 Be4
39. Bf1 Kf6 40. Qe3 Kg7 41. Bh3 Qg6 42. d5 Kh7 43. Qf4 Kg7 44. Be6 Kh7
{Game drawn by mutual agreement}
1/2-1/2

[Event "ICC 45 30 u"]
[Site "Internet Chess Club"]
[Date "2014.03.08"]
[Round "1"]
[White "bronxbattler"]
[Black "lionking819"]
[Result "1-0"]
[ICCResult "Black checkmated"]
[WhiteElo "2200"]
[BlackElo "1924"]
[Opening "Grünfeld with e3 & Qb3"]
[ECO "D95"]
[NIC "GI.09"]
[Time "14:00:34"]
[TimeControl "2700+30"]

1. d4 Nf6 2. c4 g6 3. Nc3 d5 4. Nf3 Bg7 5. e3 O-O 6. Qb3 dxc4 7. Bxc4 Nc6 8.
Ne5 Nxe5 9. dxe5 Ng4 10. f4 e6 11. O-O Qe7 12. Ne4 f5 13. Ng5 Re8 14. Nf3 c5
15. h3 Nh6 16. Rd1 Nf7 17. Bd2 b6 18. a4 Bd7 19. Be1 Bc6 20. Bh4 Qb7 21.
Bxe6 Bxf3 22. Rd7 Qc6 23. Bxf7+ Kh8 24. Rd6 Qb7 25. Bd5 Bxd5 26. Qxd5 Qxd5
27. Rxd5 Bf8 28. Rd7 Kg8 29. Rad1 a6 30. Bf6 b5 31. axb5 axb5 32. Rb7 Rab8
33. Rxb8 Rxb8 34. Rd7 Re8 35. b3 b4 36. Rc7 Re6 37. Kf2 Ra6 38. Ke2 Ra3 39.
e6 Rxb3 40. e7 Bxe7 41. Rxe7 c4 42. Rg7+ Kf8 43. Rc7 c3 44. Kd3 Rb2 45. g4
Rd2+ 46. Kc4 c2 47. Kb3 c1=Q 48. Rxc1 Rd3+ 49. Kxb4 Rxe3 50. gxf5 gxf5 51.
Be5 Rxh3 52. Rc7 h5 53. Rh7 Kg8 54. Rh6 Rh1 55. Kc4 h4 56. Kd5 h3 57. Ke6 h2
58. Rh8# {Black checkmated} 1-0

[Event "ICC 45 30 u"]
[Site "Internet Chess Club"]
[Date "2014.03.08"]
[Round "1"]
[White "bronxbattler"]
[Black "Zebbile"]
[Result "*"]
[ICCResult "Black resigns"]
[WhiteElo "2200"]
[BlackElo "1944"]
[Opening "Grünfeld: Three knights variation"]
[ECO "D90"]
[NIC "GI.07"]
[Time "14:00:34"]
[TimeControl "2700+30"]

1. d4 Nf6 2. c4 g6 3. Nc3 d5 4. Nf3 Bg7 5. cxd5 Nxd5 6. Qb3 Nb6 7. Bg5 h6 8.
Bh4 Be6 9. Qc2 O-O 10. e3 Nc6 11. Rd1 Nb4 12. Qb1 Bf5 13. e4 Bg4 14. Be2 c6
15. a3 Na6 16. O-O Nc7 17. h3 Be6 18. Rfe1 Bb3 19. Rd2 Re8 20. Bg3 h5 21.
Be5 Bh6 22. Rd3 Nd7 23. Bxc7 Qxc7 24. Nb5 cxb5 25. Rxb3 a6 26. Rc3 Qd6 27.
e5 Qb6 28. d5 e6 29. d6 Rac8 30. Qc2 Rc6 31. Bd3 Kg7 32. b4 Rec8 33. Rxc6
Qxc6 34. Qe2 Qc3 35. Be4 Qxa3 36. Bxb7 Rc4 37. Rb1 Rc1+ 38. Rxc1 Qxc1+ 39.
Kh2 Qf4+ 40. g3 Qxb4 41. Bxa6

[Event "ICC 45 30 u"]
[Site "Internet Chess Club"]
[Date "2014.03.08"]
[Round "1"]
[White "bronxbattler"]
[Black "merken"]
[Result "1/2-1/2"]
[ICCResult "Game drawn by mutual agreement"]
[WhiteElo "2200"]
[BlackElo "1949"]
[Opening "QGD: Charousek (Petrosian) variation"]
[ECO "D31"]
[NIC "QP.08"]
[Time "14:00:34"]
[TimeControl "2700+30"]

1. d4 d5 2. c4 e6 3. Nc3 Be7 4. cxd5 exd5 5. Bf4 Nf6 6. e3 c6 7. Bd3 O-O 8.
Nge2 Nbd7 9. Qc2 Re8 10. O-O Nf8 11. h3 h6 12. Rab1 Bd6 13. b4 Bxf4 14. Nxf4
Ne6 15. Nxe6 Bxe6 16. b5 Qc8 17. bxc6 bxc6 18. Rfc1 c5 19. dxc5 Qxc5 20. Ne2
Qxc2 21. Rxc2 g6 22. Nd4 Kg7 23. Rc7 Ne4 24. Bxe4 dxe4 25. a3 Kf8 26. Rbb7
Ba2 27. Rxa7 Rxa7 28. Rxa7 Rb8 29. a4 Rb1+ 30. Kh2 Rb2 31. Kg3 Bc4 32. a5
Ra2 33. Rc7 Bd3 34. Nc6 h5 35. Ne5 h4+ 36. Kxh4 Rxf2 37. Kg3 Rf5 38. Nc6 Kg7
39. Ra7 Rf6 40. Nb4 Rd6 41. a6 Rb6 42. Nd5 Rxa6 43. Rxa6 Bxa6 44. Kf4 f5 45.
h4 Bb7 46. Nc3 Kf6 47. Ne2 Bd5 48. Nd4 Bc4 49. g3 Bd5 50. Ne2 Bc4 51. Nc3
Be6 52. Nb5 Bd5 {Game drawn by mutual agreement} 1/2-1/2

[Event "ICC 45 30 u"]
[Site "Internet Chess Club"]
[Date "2014.03.08"]
[Round "1"]
[White "bronxbattler"]
[Black "KingDavid1"]
[Result "1-0"]
[ICCResult "Black resigns"]
[WhiteElo "2200"]
[BlackElo "1988"]
[Opening "Bogo-Indian defense, Nimzovich variation"]
[ECO "E11"]
[NIC "QI.01"]
[Time "14:00:34"]
[TimeControl "2700+30"]

1. d4 Nf6 2. c4 e6 3. Nf3 Bb4+ 4. Bd2 Qe7 5. g3 Ne4 6. Bg2 Nc6 7. O-O f5 8.
Bf4 Bd6 9. Bxd6 cxd6 10. d5 Nd8 11. Nfd2 Nf6 12. Nc3 O-O 13. b4 e5 14. Nb3
Nf7 15. c5 dxc5 16. bxc5 d6 17. c6 b6 18. a4 a6 19. e3 g5 20. Re1 e4 21. f4
exf3 22. Bxf3 Ne4 23. Nxe4 fxe4 24. Bg2 Ne5 25. Bxe4 Bg4 26. Qc2 Bf3 27. Bf5
Bxd5 28. Nd4 Nf3+ 29. Nxf3 Bxf3 30. c7 Bb7 31. Rac1 Qe5 32. g4 h5 33. Qb3+
Bd5 34. Qc3 Qe7 35. Qd3 Bb7 36. Qc4+ d5 37. Qd4 Qd6 38. e4 hxg4 39. e5 Qe7
40. Qxg4 Bc8 41. e6 Ra7 42. Rc6 b5 43. Re5 Re8 44. Bd3 Rxc7 45. Rxg5+ Qxg5
46. Qxg5+ Rg7 47. Qxg7+ Kxg7 48. axb5 a5 49. Bf5 Kf6 50. Bh3 Bxe6 51. b6 Rb8
52. Rxe6+ Kf7 53. Rc6 Ke7 54. Bc8 d4 55. b7 d3 56. Kf2 {Black resigns} 1-0

[Event "ICC 45 30 u"]
[Site "Internet Chess Club"]
[Date "2014.03.08"]
[Round "1"]
[White "bronxbattler"]
[Black "varun1"]
[Result "1/2-1/2"]
[ICCResult "Game drawn by repetition"]
[WhiteElo "2200"]
[BlackElo "2018"]
[Opening "Queen's pawn game, Chigorin variation"]
[ECO "A40"]
[NIC "QO.17"]
[Time "14:00:34"]
[TimeControl "2700+30"]

1. d4 Nc6 2. Nf3 d5 3. Bf4 Bg4 4. e3 Nf6 5. Bb5 e6 6. h3 Bxf3 7. Qxf3 Bd6 8.
Bg5 Be7 9. Nd2 O-O 10. c3 a6 11. Bxc6 bxc6 12. O-O Nd7 13. Bxe7 Qxe7 14. e4
f5 15. exd5 cxd5 16. Rfe1 Rae8 17. Qd3 Qd6 18. b4 e5 19. dxe5 Nxe5 20. Qd4
Nc6 21. Qd3 Ne5 22. Qc2 f4 23. f3 d4 24. cxd4 Qxd4+ 25. Kh2 Qf2 26. Qb3+ Kh8
27. Ne4 Qh4 28. Re2 g5 29. Qc3 Kg8 30. Nf6+ Rxf6 31. Rxe5 Rxe5 32. Qxe5 g4
33. Qe8+ Kg7 34. Qe7+ Kg6 35. Qe4+ Kh6 36. fxg4 Qg3+ 37. Kh1 f3 38. Qe3+ Kg7
39. Qe7+ Kg6 40. Qe4+ Kg7 41. Qe7+ Kg6 42. Qe4+ Kg7 43. Qe7+ Kg6 44. Qe4+
Kg5 45. Qd5+ Kg6 46. Qe4+ {Game drawn by repetition} 1/2-1/2

[Event "ICC 45 30 u"]
[Site "Internet Chess Club"]
[Date "2014.03.08"]
[Round "1"]
[White "bronxbattler"]
[Black "ericmar"]
[Result "1-0"]
[ICCResult "Black resigns"]
[WhiteElo "2200"]
[BlackElo "2035"]
[Opening "QGD: Charousek (Petrosian) variation"]
[ECO "D31"]
[NIC "QO.05"]
[Time "14:00:34"]
[TimeControl "2700+30"]

1. d4 d5 2. c4 e6 3. Nc3 Be7 4. cxd5 exd5 5. Bf4 c6 6. e3 Bd6 7. Bxd6 Qxd6
8. Bd3 Nf6 9. Nf3 Bg4 10. h3 Bh5 11. g4 Bg6 12. Ne5 Bxd3 13. Qxd3 Nfd7 14.
f4 f6 15. Nf3 Na6 16. O-O-O O-O-O 17. Kb1 Nb6 18. Nd2 Rde8 19. Rhe1 Re7 20.
a3 Kb8 21. Re2 g6 22. Rde1 Rhe8 23. f5 Qg3 24. fxg6 Qxh3 25. gxh7 Rxh7 26.
Qf5 Rhe7 {Black resigns} 1-0

[Event "ICC 45 30 u"]
[Site "Internet Chess Club"]
[Date "2014.03.08"]
[Round "1"]
[White "bronxbattler"]
[Black "Cicindelinae"]
[Result "1/2-1/2"]
[ICCResult "Game drawn by mutual agreement"]
[WhiteElo "2200"]
[BlackElo "2104"]
[Opening "Modern defense"]
[ECO "A40"]
[NIC "QO.17"]
[Time "14:00:34"]
[TimeControl "2700+30"]

1. d4 g6 2. Nf3 Bg7 3. c4 c5 4. d5 d6 5. e4 e6 6. h3 Ne7 7. Bd3 O-O 8. O-O
exd5 9. cxd5 a6 10. a4 Nd7 11. Nc3 f5 12. Re1 Ne5 13. Nxe5 Bxe5 14. a5 b5
15. axb6 Qxb6 16. Na4 Qb8 17. Rb1 fxe4 18. Bxe4 Bf5 19. Bg5 Rf7 20. Bxe7
Bxe4 21. Rxe4 Rxe7 22. Qe2 Qb5 23. Re1 Rae8 24. Kh1 Qxe2 25. R1xe2 Kf8 26.
Nb6 Bd4 27. Rxe7 Rxe7 28. Rxe7 Kxe7 29. Nc4 Bxf2 30. g4 Bg3 31. Kg2 Bh4 32.
Kf3 h5 33. gxh5 gxh5 34. Ke4 Bf6 35. b3 h4 36. Kf5 Bd4 37. Kg6 Bf6 38. Kf5
Bd4 39. Nd2 Bf2 40. Ne4 Be1 41. Ng5 a5 42. Nf3 Bf2 43. Nd2 Be1 44. Nc4 Kd7
45. Ke4 Bc3 46. Kf5 Be1 {Game drawn by mutual agreement} 1/2-1/2

[Event "ICC 45 30 u"]
[Site "Internet Chess Club"]
[Date "2014.03.08"]
[Round "1"]
[White "bronxbattler"]
[Black "FullStep"]
[Result "0-1"]
[ICCResult "White resigns"]
[WhiteElo "2200"]
[BlackElo "2146"]
[Opening "Queen's pawn"]
[ECO "A40"]
[NIC "QO.17"]
[Time "14:00:34"]
[TimeControl "2700+30"]

1. d4 e6 2. Nf3 f5 3. g3 Nf6 4. Bg2 d5 5. O-O c6 6. c4 Bd6 7. Nc3 O-O 8. Bf4
Bxf4 9. gxf4 Bd7 10. Ne5 Be8 11. e3 Kh8 12. Ne2 Rg8 13. f3 Nbd7 14. Kh1 Nh5
15. cxd5 exd5 16. Qe1 g5 17. Nxd7 Bxd7 18. fxg5 Qxg5 19. Qf2 Rae8 20. f4 Qh6
21. Bf3 Nf6 22. Ng3 Rg6 23. Rg1 Qh4 24. Rae1 Ng4 25. Bxg4 Rxg4 26. Rg2 c5
27. Qd2 Qf6 28. Nh5 Qf7 29. Rxg4 fxg4 30. Ng3 c4 31. f5 Bxf5 32. Qf2 Bg6 33.
Qxf7 Bxf7 34. Kg2 Bg6 35. a3 h5 36. Ne2 Rxe3 37. Kf2 Rb3 {White resigns} 0-1

[Event "ICC 45 30 u"]
[Site "Internet Chess Club"]
[Date "2014.03.08"]
[Round "1"]
[White "bronxbattler"]
[Black "KONT"]
[Result "0-1"]
[ICCResult "White resigns"]
[WhiteElo "2200"]
[BlackElo "2199"]
[Opening "QGD Slav: 3.Nf3"]
[ECO "D11"]
[NIC "SL.01"]
[Time "14:00:34"]
[TimeControl "2700+30"]

1. d4 d5 2. c4 c6 3. Nf3 Nf6 4. Qb3 dxc4 5. Qxc4 Bf5 6. g3 Nbd7 7. Bg2 e6 8.
O-O Be7 9. Nc3 O-O 10. Re1 Ne4 11. Qb3 Qb6 12. Nh4 Bxh4 13. gxh4 Nef6 14. e4
Bg6 15. Qxb6 axb6 16. f3 b5 17. Bd2 Rfd8 18. b3 e5 19. Be3 Nh5 20. Red1 f6
21. d5 Bf7 22. dxc6 bxc6 23. Rd6 Bxb3 24. Bh3 b4 25. Nd1 f5 26. Bxf5 Nhf6
27. Bg5 Bf7 28. Rxc6 h6 29. Bxf6 Nxf6 30. Ne3 Rd3 31. Ng4 Nxg4 32. Bxg4 Rxa2
33. Rxa2 Bxa2 34. Be6+ Bxe6 35. Rxe6 b3 36. Rb6 Rxf3 37. Kg2 Rc3 38. h5 Kf7
39. Kf2 Ke7 40. Ke2 Rh3 41. Rb7+ Kf6 42. Rb6+ Kg5 43. Rg6+ Kf4 44. Rxg7 Kxe4
45. Rg4+ Kd5 46. Rb4 Rxh2+ 47. Ke3 Rxh5 {White resigns} 0-1

[Event "ICC 45 30 u"]
[Site "Internet Chess Club"]
[Date "2014.03.08"]
[Round "1"]
[White "bronxbattler"]
[Black "kaens"]
[Result "0-1"]
[ICCResult "White resigns"]
[WhiteElo "2200"]
[BlackElo "2318"]
[Opening "King's Indian: Petrosian system, Stein variation"]
[ECO "E92"]
[NIC "KI.17"]
[Time "14:10:52"]
[TimeControl "2700+30"]

1. d4 Nf6 2. c4 g6 3. Nf3 Bg7 4. Nc3 O-O 5. e4 d6 6. Be2 e5 7. d5 a5 8. Bg5
h6 9. Bh4 Na6 10. Nd2 Qe8 11. O-O Bd7 12. b3 Nh7 13. a3 f5 14. exf5 gxf5 15.
Bh5 Qc8 16. Rb1 Nc5 17. Qc2 e4 18. Be7 Re8 19. Bh4 Ng5 20. Ne2 Nd3 21. f4
Nh7 22. Kh1 Nf6 23. Bxe8 Qxe8 24. Nc1 Ng4 25. Nxd3 Ne3 26. Qc1 Qh5 27. Bg3
Nxf1 28. Qxf1 exd3 29. Qxd3 c6 30. Nf3 Kh8 31. Re1 Qf7 32. Bh4 Bf8 33. Qd4+
Kg8 34. Re3 cxd5 35. Qxd5 Bc6 36. Qxf7+ Kxf7 37. Kg1 d5 38. Ne5+ Kg8 39.
Nxc6 bxc6 40. cxd5 Bc5 41. Bf2 Bxe3 42. Bxe3 cxd5 {White resigns} 0-1